[Event "Live Chess"]
[Site "Chess.com"]
[Date "2024.06.02"]
[Round "-"]
[White "LL220284LL"]
[Black "willc-h99"]
[Result "1-0"]
[WhiteElo "2479"]
[BlackElo "2586"]
[TimeControl "300"]
[EndTime "8:15:28 PDT"]
[Termination "LL220284LL won by resignation"]

1. Nf3 c5 2. g3 Nc6 3. Bg2 g6 4. O-O Bg7 5. d3 d6 6. Nbd2 e5 7. e4 Nge7 8. c3 O-O 9. Re1 h6 10. Nf1 Be6 11. Ne3 d5 12. exd5 Nxd5 13. Qe2 Re8 14. Nxd5 Bxd5 15. Be3 Nd4 16. Qd1 Nxf3+ 17. Bxf3 Bxf3 18. Qxf3 Qxd3 19. Qxb7 Rab8 20. Qxa7 Rxb2 21. Qxc5 h5 22. Rad1 Qf5 23. a4 h4 24. a5 h3 25.
Qc6 Rc8 26. Qd7 Rxc3 27. Qxf5 gxf5 28. a6 Ra2 29. a7 Rxe3 30. Rxe3 Rxa7 31. Rf3 Kh7 32.
Rxf5 Kg6 33. Rf3 f5 34. Rb3 e4 35. f3 Ra2 36. fxe4 fxe4 37. Re3 Kf5 38. Rf1+ Ke5 39.
Rf4 Ra1+ 40. Kf2 Ra2+ 41. Re2 Ra4 42. Rc2 Bf8 43. Rxf8 1-0

[Event "Live Chess"]
[Site "Chess.com"]
[Date "2024.06.02"]
[Round "-"]
[White "JanMur7"]
[Black "educatedlad"]
[Result "1-0"]
[WhiteElo "2289"]
[BlackElo "1750"]
[TimeControl "300"]
[EndTime "8:15:35 PDT"]
[Termination "JanMur7 won by checkmate"]

1. c4 c5 2. Nc3 Nc6 3. g3 g6 4. Bg2 Bg7 5. e3 e6 6. Nge2 Nge7 7. O-O O-O 8. d4 d5 9. dxc5 dxc4 10. Qd6 Nf5 11. Qd1 Qa5 12. Ne4 Rd8 13. Qc2 Ne5 14.
Bd2 Qc7 15. Bc3 Nd3 16. Bxg7 Kxg7 17. Qxc4 Nxb2 18. Qc3+ Kg8 19. Nf6+ Kf8 20. Nxh7+ Kg8 21. Nf6+ Kf8 22. Qxb2 Qxc5 23. Rfd1 Rxd1+ 24. Rxd1 Ke7 25. Ne4 Qc4 26. Qf6+ Ke8 27. Rd8# 1-0

[Event "Live Chess"]
[Site "Chess.com"]
[Date "2024.06.02"]
[Round "-"]
[White "McCarthyStone"]
[Black "ameetghasi100"]
[Result "1-0"]
[WhiteElo "2477"]
[BlackElo "2744"]
[TimeControl "300"]
[EndTime "8:15:37 PDT"]
[Termination "McCarthyStone won by resignation"]

1. b3 c5 2. Bb2 b6 3. Nf3 Bb7 4.
c4 Nf6 5. g3 e6 6. Bg2 Nc6 7. O-O Qc7 8. d4 cxd4 9. Nxd4 Nxd4 10. Qxd4 Bxg2 11. Kxg2 Qb7+ 12. f3 h5 13. h4 Rc8 14.
Nc3 Bc5 15. Qf4 Rh6 16. Rad1 Rg6 17. Nb5 a6 18. Nd6+ Bxd6 19. Qxd6 Qc6 20. Ba3 Qxd6 21. Rxd6 Rc6 22. Rfd1 e5 23. e4 Ng8 24. Rxd7 Rc8 25. Ra7 a5 26. Rdd7 Rf6 27. Bd6 Re6 28. Ba3 Rf6 29.
Bb2 Rc5 30. f4 exf4 31. Bxf6 Nxf6 32. Re7+ Kd8 33. Rxf7 Ke8 34. Rfe7+ Kd8 35. gxf4 Ne8 36.
Reb7 Kc8 37. Rxb6 Nf6 38. Rb5 Rc6 39. Kf3 Nd7 40. Rbxa5 Kb8 41. Rxd7 Rg6 42. Rg5 Ra6 43. Rgxg7 Kc8 44. Rdf7 Rd6 45. Rf8+ 1-0

[Event "Live Chess"]
[Site "Chess.com"]
[Date "2024.06.02"]
[Round "-"]
[White "joellloyd"]
[Black "booktrunk"]
[Result "1-0"]
[WhiteElo "1893"]
[BlackElo "1487"]
[TimeControl "300"]
[EndTime "8:15:38 PDT"]
[Termination "joellloyd won by checkmate"]

1. e4 a6 2. d4 h6 3. Bd3 e6 4.
c4 d6 5. Nc3 Nd7 6. Nf3 Ne7 7.
O-O f6 8. Qc2 e5 9. d5 c6 10. b4 c5 11. a3 cxb4 12. axb4 a5 13. Be3 b6 14. Nb5 Bb7 15. Nxd6# 1-0

[Event "Live Chess"]
[Site "Chess.com"]
[Date "2024.06.02"]
[Round "-"]
[White "HoarseyHorsey"]
[Black "gobbles19"]
[Result "0-1"]
[WhiteElo "1612"]
[BlackElo "2221"]
[TimeControl "300"]
[EndTime "8:15:49 PDT"]
[Termination "gobbles19 won by resignation"]

1. d4 Nf6 2. c4 e6 3. Nc3 c5 4. d5 exd5 5. cxd5 d6 6. e4 g6 7. h3 Bg7 8. Nf3 O-O 9. Bd3 Re8 10.
O-O Na6 11. a3 Nc7 12. Bg5 h6 13. Bh4 Rb8 14. Re1 b5 15. Rc1 g5 16. Nxg5 hxg5 17. Bxg5 Qd7 18. Qf3 Nh7 19. Bh4 c4 20. Bb1 Na6 21.
Bg3 Nc5 22. Qh5 Nf8 23. f4 Nd3 24. Bxd3 cxd3 25. Rcd1 b4 26. axb4 Rxb4 27. Rxd3 Rxb2 28. f5 Ba6 29. Rf3 Nh7 30. Ref1 Bxf1 31. Rxf1 Bxc3 0-1

[Event "Live Chess"]
[Site "Chess.com"]
[Date "2024.06.02"]
[Round "-"]
[White "Dashman93"]
[Black "elephantgerrald"]
[Result "1-0"]
[WhiteElo "2123"]
[BlackElo "871"]
[TimeControl "300"]
[EndTime "8:15:58 PDT"]
[Termination "Dashman93 won by checkmate"]

1. d4 d5 2. e4 dxe4 3. Nc3 Nf6 4.
f3 exf3 5. Nxf3 Nc6 6. Bc4 e6 7. O-O Bd6 8. Bg5 O-O 9. d5 exd5 10. Nxd5 Be7 11. Nxe7+ Qxe7 12. Kh1 h6 13. Bh4 Bg4 14.
h3 Bxf3 15. Qxf3 Nd4 16. Bxf6 Qxf6 17. Qxf6 gxf6 18. Rxf6 Nxc2 19. Raf1 Ne3 20. R1f4 Rad8 21. Rxf7 Rd1+ 22. Kh2 Nxc4 23. Rxf8+ Kg7 24. R8f7+ Kg6 25. Rxc7 Ne3 26. Rxb7 Rd2 27. Rf3 Rxg2+ 28. Kh1 Kg5 29. Rxe3 Kh4 30. Kxg2 a5 31. Rb5 a4 32. Re4# 1-0

[Event "Live Chess"]
[Site "Chess.com"]
[Date "2024.06.02"]
[Round "-"]
[White "Larchikov"]
[Black "Vladyslav2008"]
[Result "0-1"]
[WhiteElo "2111"]
[BlackElo "2259"]
[TimeControl "300"]
[EndTime "8:15:59 PDT"]
[Termination "Vladyslav2008 won by resignation"]

1. d4 Nf6 2. c4 e6 3. Nf3 b6 4. Nc3 Bb4 5. Bg5 h6 6. Bh4 g5 7. Bg3 Ne4 8. Qc2 Bxc3+ 9. bxc3 Bb7 10. e3 h5 11. Bd3 f5 12. d5 exd5 13. cxd5 Bxd5 14.
Nd4 O-O 15. Nxf5 Qe8 16. Nd4 h4 17. Bxc7 Nxf2 18. O-O Qxe3 19. Bh7+ Kh8 20. Rxf2 Rxf2 21. Qxf2 Qxf2+ 22. Kxf2 Kxh7 23. Re1 Nc6 24. Nxc6 Rf8+ 25.
Kg1 Bxc6 26. Re7+ Kg6 27. Be5 Kf5 28. Bd4 Kg6 29. Rg7+ Kh6 30. Re7 Rf5 31. Be5 Kg6 32.
c4 Rf8 33. Rg7+ Kf5 34. Re7 Kg4 35. Rh7 Re8 36. Bf6 Re2 37. Rg7 Rxg2+ 38. Kf1 Kf5 39.
Bd8 h3 40. Rf7+ Kg6 41. Rf6+ Kh5 42. Rf7 Rxh2 43. Rh7+ Kg4 44. Rg7 Kf3 45. Rxg5 Rxa2 46.
Rf5+ Ke4 47. Rh5 h2 48. Bc7 h1=Q+ 49. Rxh1 Ra1+ 50. Kg2 Kf5+ 51. Kh2 Rxh1+ 0-1

[Event "Live Chess"]
[Site "Chess.com"]
[Date "2024.06.02"]
[Round "-"]
[White "davigator"]
[Black "DylanMeyer1"]
[Result "1-0"]
[WhiteElo "2337"]
[BlackElo "1702"]
[TimeControl "300"]
[EndTime "8:16:03 PDT"]
[Termination "davigator won by resignation"]

1. e4 d5 2. exd5 Qxd5 3. Nc3 Qd6 4. d4 a6 5. Nge2 Nf6 6. Bf4 Qd8 7. Qd3 e6 8. O-O-O Be7 9. Ng3 O-O 10. h3 c5 11. Nge2 Nc6 12. d5 Nxd5 13. Nxd5 exd5 14. Qxd5 Qxd5 15. Rxd5 b6 16. Nc3 Bf6 17. Ne4 Be7 18. Bc4 Be6 19. Rhd1 b5 20. Be2 Rad8 21. Rxd8 Rxd8 22.
Rxd8+ Nxd8 23. Bd6 Bxd6 24. Nxd6 Kf8 25. f3 Ke7 26.
Ne4 c4 27. c3 f5 28. Ng5 h6 29. Nxe6 Kxe6 30. f4 g5 31. g3 gxf4 32. gxf4 Kd6 33. Kd2 Ne6 34. Ke3 Kc5 35. Bd1 b4 36. Bc2 Ng7 37.
cxb4+ Kxb4 38. Kd4 Ne6+ 39. Ke5 Nc5 40. Bxf5 Nd3+ 41.
Kd4 Nxb2 42. Bc2 Nd3 43. Bxd3 cxd3 44. Kxd3 Kc5 45. Ke4 Kd6 46. Kf5 Ke7 47. Kg6 Kf8 48. Kxh6 Kf7 49. Kg5 Kg7 50. f5 Kf7 51. f6 Kf8 52.
Kg6 Ke8 53. Kg7 Kd7 54. f7 Kc6 55. f8=Q Kb5 56. Qd6 Kc4 57. Qxa6+ Kc3 58. Qd6 1-0

[Event "Live Chess"]
[Site "Chess.com"]
[Date "2024.06.02"]
[Round "-"]
[White "Ferrarifan27"]
[Black "MagnersCarlsberg2870"]
[Result "1-0"]
[WhiteElo "2149"]
[BlackElo "1768"]
[TimeControl "300"]
[EndTime "8:16:06 PDT"]
[Termination "Ferrarifan27 won by resignation"]

1. e4 c5 2. Nf3 a6 3. d4 cxd4 4.
Nxd4 Nf6 5. Nc3 e5 6. Nb3 Bb4 7. Bd3 d5 8. exd5 e4 9. Bc4 b5 10. Be2 O-O 11. Bg5 h6 12. Bh4 g5 13. Bg3 Nxd5 14. O-O Nxc3 15. bxc3 Bxc3 16. Qxd8 Rxd8 17. Rad1 Re8 18. Nc5 f5 19. Bh5 Rf8 20. Bd6 Rf6 21. Be7 1-0

[Event "Live Chess"]
[Site "Chess.com"]
[Date "2024.06.02"]
[Round "-"]
[White "LaupMiths"]
[Black "Queensandpawns"]
[Result "0-1"]
[WhiteElo "1821"]
[BlackElo "2236"]
[TimeControl "300"]
[EndTime "8:16:33 PDT"]
[Termination "Queensandpawns won on time"]

1. Nf3 e5 2. Nxe5 Nc6 3. Nf3 d5 4. d3 Nf6 5. g3 Bd6 6. Bg2 h5 7. h3 Bf5 8. a3 Qd7 9. b4 a6 10. Bb2 O-O-O 11. Nbd2 Rde8 12. e3 Ne5 13. Nd4 Bxd3 14. cxd3 Nxd3+ 15. Kf1 Nxb2 16. Qc2 Na4 17. Rc1 h4 18. g4 Kb8 19. Nf5 Nb6 20. Nxg7 Re5 21. Nf5 Rhe8 22. Nb3 Nc4 23. Na5 Nxa3 24. Qa2 Qb5+ 25. Kg1 Qxb4 26. Nb3 Nb5 27. Qb2 Ne4 28. Nxd6 Nbxd6 29. Rb1 Nc4 30. Qd4 Qc3 31. Kh2 Qxd4 32. exd4 R5e6 33. Rhc1 Rb6 34. Bxe4 Rxe4 35. Nc5 Re2 36. Nd7+ Ka7 37. Nxb6 cxb6 38. Kg1 b5 39. Rb3 Kb6 40. Rf3 b4 41. Rxf7 b3 42. g5 b2 43. Rb1 Rc2 44. Kg2 Rc1 45. Rxb2+ Nxb2 46. g6 Rc6 47. g7 Rg6+ 48. Kf3 Nd3 49. Ke3 Nb4 50.
Rf6+ Rxf6 51. g8=Q Re6+ 52. Kf3 Rf6+ 53. Kg4 Rc6 54. f4 a5 55. f5 a4 56. Qa8 Kb5 57. Kg5 Rb6 58. f6 Ra6 59. Qe8+ Kc4 60. f7 a3 61.
f8=Q a2 62. Qf1+ Kb3 63. Qe3+ Ka4 64. Qd1+ Ka5 65. Qa3+ Kb5 66. Qe2+ Kb6 67. Qxb4+ Ka7 0-1

[Event "Live Chess"]
[Site "Chess.com"]
[Date "2024.06.02"]
[Round "-"]
[White "GwaryTek"]
[Black "ivan_1968"]
[Result "1/2-1/2"]
[WhiteElo "1888"]
[BlackElo "1805"]
[TimeControl "300"]
[EndTime "8:16:38 PDT"]
[Termination "Game drawn - insufficient material"]

1. d4 Nf6 2. c4 e6 3. Nc3 Bb4 4. Nf3 O-O 5. g3 c5 6. Bg2 cxd4 7. Nxd4 Nc6 8. O-O h6 9. h3 d5 10. cxd5 Nxd5 11. Nxd5 exd5 12. Be3 Nxd4 13. Bxd4 Be6 14. Bxg7 Kxg7 15. Qd4+ Qf6 16. Qxb4 b6 17. Rad1 Rfd8 18.
Rd4 Rac8 19. Rfd1 Rc4 20. Qd2 Rxd4 21. Qxd4 Qxd4 22. Rxd4 Rc8 23. Rd2 d4 24. b3 Rd8 25.
f4 Kf6 26. Kf2 Ke7 27. g4 a5 28. Be4 Rd6 29. f5 Bd7 30. e3 dxe3+ 31. Kxe3 Rxd2 32.
Kxd2 f6 33. Ke3 Kd6 34. Kd4 b5 35. Bd5 Bc8 36. a3 Ba6 37. b4 a4 38. Be6 Bb7 39.
Ke3 Bc6 40. Kf4 Be8 41. h4 Bc6 42. g5 hxg5+ 43. hxg5 fxg5+ 44. Kxg5 Be4 45. Kg6 Ke5 46. Bd7 Kd4 47. Kg5 Bd5 48. f6 Kc3 49. Bxb5 Kb3 50.
Kg6 Kxa3 51. Bxa4 Kxa4 52. b5 Kxb5 53. Kg7 Kc6 54. f7 Bxf7 1/2-1/2

[Event "Live Chess"]
[Site "Chess.com"]
[Date "2024.06.02"]
[Round "-"]
[White "TigerTank70"]
[Black "stevochess11"]
[Result "1-0"]
[WhiteElo "2180"]
[BlackElo "1707"]
[TimeControl "300"]
[EndTime "8:16:38 PDT"]
[Termination "TigerTank70 won by checkmate"]

1. e4 c5 2. d4 cxd4 3. c3 dxc3 4.
Nxc3 Nc6 5. Nf3 d6 6. Bc4 a6 7. Qe2 Nf6 8. O-O Bg4 9. Be3 Ne5 10. Nxe5 dxe5 11. f3 Bd7 12. Rfd1 e6 13. Qf2 Bb4 14. Qg3 Nh5 15. Qxe5 Bxc3 16. Qxh5 Bxb2 17. Bxe6 Bxa1 18.
Qxf7# 1-0

[Event "Live Chess"]
[Site "Chess.com"]
[Date "2024.06.02"]
[Round "-"]
[White "Ginger_GM"]
[Black "TheSmoulderingMaster"]
[Result "1-0"]
[WhiteElo "2665"]
[BlackElo "1783"]
[TimeControl "300"]
[EndTime "8:16:43 PDT"]
[Termination "Ginger_GM won by resignation"]

1. e4 c5 2. Nf3 d6 3. d4 cxd4 4. Nxd4 Nf6 5. Nc3 g6 6. Be3 Bg7 7. f3 O-O 8. Bc4 Nc6 9. Qd2 Ne5 10. Bb3 Bd7 11. h4 Qa5 12. h5 Nxh5 13. g4 Nf6 14.
Bh6 Rfc8 15. Bxg7 Kxg7 16. O-O-O Rxc3 17. bxc3 Rc8 18. Kb2 Qb6 19. Qh6+ Kg8 20. g5 Nh5 21. Rxh5 gxh5 22. Qxh5 Nc4+ 23. Kb1 Na3+ 24. Kc1 e6 25. Rh1 Rxc3 26. Qxh7+ Kf8 27. Qh8+ Ke7 28. Qf6+ 1-0

[Event "Live Chess"]
[Site "Chess.com"]
[Date "2024.06.02"]
[Round "-"]
[White "NottheBishopSacrifice"]
[Black "friarnator"]
[Result "1-0"]
[WhiteElo "2336"]
[BlackElo "2202"]
[TimeControl "300"]
[EndTime "8:16:55 PDT"]
[Termination "NottheBishopSacrifice won by resignation"]

1. d4 Nf6 2. Nf3 g6 3. g3 Bg7 4.
Bg2 O-O 5. O-O d6 6. c4 Nbd7 7. Nc3 e5 8. e4 Re8 9. Re1 exd4 10. Nxd4 a6 11. Bf4 Ne5 12. b3 Rb8 13. Rc1 c5 14. Nf3 b5 15. Nxe5 dxe5 16. Be3 b4 17.
Qxd8 Rxd8 18. Nd5 Nxd5 19. cxd5 a5 20. Rxc5 Ra8 21. Rec1 Bd7 22. Bf1 Bf8 23. Rc7 Bd6 24. R7c2 a4 25. Bc4 f5 26. f3 Kf7 27. bxa4 Rxa4 28. Bb3 Raa8 29. Bg5 Rdb8 30. Kg2 Kg7 31. Re1 h6 32. Be3 h5 33. Bc5 Bxc5 34. Rxc5 Kf6 35.
Rc7 Ba4 36. Bxa4 Rxa4 37. Rc6+ Kf7 38. Re2 fxe4 39. fxe4 Rba8 40. Rf2+ Kg7 41. Rc7+ Kh6 42. Rcc2 h4 43. Rfd2 hxg3 44. hxg3 b3 45. axb3 Rxe4 46. d6 Rd4 47. Rxd4 exd4 48. Rd2 Kg5 49. Rxd4 Kf6 50. Kf3 Ke5 51. Rd1 Ke6 52. d7 Rd8 53. Kg4 Kf6 54. b4 Ke6 55. b5 Rxd7 56. Rxd7 Kxd7 57.
Kg5 Kc7 58. Kxg6 Kb6 59. Kf7 Kxb5 60. g4 Kc6 61. g5 1-0

[Event "Live Chess"]
[Site "Chess.com"]
[Date "2024.06.02"]
[Round "-"]
[White "Frankie_Badacsonyi"]
[Black "Eva3337"]
[Result "1-0"]
[WhiteElo "2363"]
[BlackElo "1167"]
[TimeControl "300"]
[EndTime "8:16:56 PDT"]
[Termination "Frankie_Badacsonyi won on time"]

1. Nf3 Nc6 2. g3 d5 3. Bg2 Bg4 4. d4 Qd7 5. c4 e6 6. cxd5 exd5 7.
Nc3 O-O-O 8. Bf4 Bh3 9. O-O Bxg2 10. Kxg2 Nf6 11. Rc1 Nh5 12. Be3 Bb4 13. Qb3 Bxc3 14. Qxc3 Nf6 15. b4 Ne4 16. Qb3 h5 17. b5 Na5 18. Qa4 b6 19. Bf4 Nd6 20. Ne5 Qf5 21. Nc6 Kd7 22. Nxa5 bxa5 23. b6+ Ke6 24. bxc7 Rc8 25.
Qc2 Qg4 26. Bxd6 Kxd6 27. Qc5+ Ke6 28. f3 Qg5 29. e4 Kd7 30. Qc6+ Ke7 31. Qc5+ Kd7 32.
Qxd5+ Qxd5 33. exd5 h4 34. Rfe1 hxg3 35. hxg3 Rhe8 36.
Rxe8 Kxe8 37. Kf2 Kd7 38. Ke3 f5 39. Rc5 Rxc7 40. Kf4 g6 41. Ke5 Rb7 42. Rxa5 Rb2 43. Rxa7+ Ke8 44. d6 Kf8 45. Kf6 1-0

[Event "Live Chess"]
[Site "Chess.com"]
[Date "2024.06.02"]
[Round "-"]
[White "Zhevzh1k7"]
[Black "lateforthesky"]
[Result "0-1"]
[WhiteElo "1128"]
[BlackElo "2074"]
[TimeControl "300"]
[EndTime "8:17:12 PDT"]
[Termination "lateforthesky won by resignation"]

1. e4 b6 2. Nf3 Bb7 3. Nc3 e6 4.
Bc4 c5 5. O-O Nf6 6. d3 d6 7.
Bg5 Be7 8. e5 dxe5 9. Nxe5 Nbd7 10. Bb5 Bc8 11. d4 O-O 12. dxc5 Nxe5 13. Qxd8 Rxd8 14.
Bxf6 Bxf6 15. Ne4 a6 16. Be2 Bb7 17. f3 Bxe4 18. fxe4 bxc5 0-1

[Event "Live Chess"]
[Site "Chess.com"]
[Date "2024.06.02"]
[Round "-"]
[White "degringolade64"]
[Black "RichardABates"]
[Result "0-1"]
[WhiteElo "2082"]
[BlackElo "2373"]
[TimeControl "300"]
[EndTime "8:17:23 PDT"]
[Termination "RichardABates won by resignation"]

1. e4 c5 2. Nf3 d6 3. Bb5+ Nd7 4. Ba4 Nf6 5. O-O e5 6. Re1 Be7 7. c3 O-O 8. d4 cxd4 9. cxd4 exd4 10. Nxd4 Nc5 11.
Bc2 Re8 12. Nc3 h6 13. h3 Bf8 14.
Qf3 d5 15. e5 Nfe4 16. Bf4 Nxc3 17. bxc3 Ne6 18. Be3 Ng5 19. Qg3 Qc7 20. Bxg5 hxg5 21. Qxg5 Be6 22. Re3 g6 23. f4 Be7 24. Qg3 Bc5 25.
f5 Bxd4 26. cxd4 Qxc2 27. fxe6 Rxe6 28. Rf1 Rc8 29. Ref3 Rc7 30. h4 Qe4 31. h5 Qxd4+ 32. Kh1 Qxe5 33. Qxe5 Rxe5 34. hxg6 fxg6 35. Rf8+ Kg7 36.
Rd8 Rf5 37. Rd1 Rcf7 38. Rd7 Rxd7 0-1

[Event "Live Chess"]
[Site "Chess.com"]
[Date "2024.06.02"]
[Round "-"]
[White "grillage"]
[Black "goldinspiredphoenix"]
[Result "1-0"]
[WhiteElo "1872"]
[BlackElo "1478"]
[TimeControl "300"]
[EndTime "8:17:30 PDT"]
[Termination "grillage won by checkmate"]

1. d4 d5 2. Nf3 c5 3. c4 e6 4. cxd5 exd5 5. g3 cxd4 6. Nxd4 Nc6 7. Bg2 Bc5 8. Nxc6 bxc6 9. O-O Nf6 10. Qc2 Qb6 11. Nc3 Bd4 12. Bf4 O-O 13. Na4 Qb7 14. e3 Bb6 15. Nxb6 axb6 16. a3 Be6 17. Rac1 c5 18.
Bg5 Qe7 19. e4 dxe4 20. Bxe4 Bh3 21. Rfe1 Qa7 22. Bxf6 gxf6 23. Bxh7+ Kh8 24. Bf5 Rae8 25. Bxh3 Rxe1+ 26. Rxe1 Qa5 27. Qe2 Rg8 28. Qh5+ Kg7 29. Re4 Kf8 30. Qh6+ Rg7 31. Qxf6 Rh7 32. Qd8+ Kg7 33.
Rg4+ Kh6 34. Qg5# 1-0

[Event "Live Chess"]
[Site "Chess.com"]
[Date "2024.06.02"]
[Round "-"]
[White "kylet1990"]
[Black "matt1979"]
[Result "1-0"]
[WhiteElo "782"]
[BlackElo "1400"]
[TimeControl "300"]
[EndTime "8:17:39 PDT"]
[Termination "kylet1990 won by checkmate"]

1. e4 d6 2. d4 Nf6 3. Nc3 Nbd7 4. e5 dxe5 5. dxe5 Nxe5 6. Qxd8+ Kxd8 7. Bf4 Nc6 8. O-O-O+ Bd7 9. Nf3 h6 10. Bb5 a6 11. Bxc6 bxc6 12. Ne5 Ke8 13. f3 Be6 14. Kb1 c5 15. Ne4 Nxe4 16. fxe4 g5 17. Be3 Bg7 18. Nc6 c4 19. c3 Bd7 20. Nb4 a5 21. Nd5 c6 22.
Nc7+ Kd8 23. Nxa8 e6 24. Bb6+ Ke7 25. Nc7 Rb8 26. Bxa5 Rb7 27. Na6 Rb5 28. Bb4+ Kd8 29. Nc5 Rxc5 30. Bxc5 Kc7 31. Bd6+ Kd8 32. b3 cxb3 33.
axb3 Bxc3 34. Rd3 Bg7 35. Rhd1 Kc8 36. Be5 Bxe5 37. Rxd7 Bxh2 38. Rxf7 Bf4 39. Rxf4 gxf4 40. Rf1 e5 41. Rd1 Kc7 42. Rh1 Kd6 43. Rxh6+ Kc5 44.
Rh5 Kd4 45. Rh6 c5 46. Kc1 Kxe4 47. Kd2 Kd5 48. Ke2 Kd4 49. Rh5 e4 50. Rh4 Kc3 51. Rxf4 Kxb3 52. Rxe4 c4 53. Kf3 c3 54. Re1 c2 55. g4 Kb2 56. g5 c1=Q 57. Rxc1 Kxc1 58. g6 Kc2 59. g7 Kd3 60. g8=Q Kd4 61. Qe6 Kd3 62.
Qe5 Kd2 63. Qe4 Kc3 64. Qd5 Kc2 65. Qd4 Kc1 66. Qd3 Kb2 67. Qc4 Kb1 68. Qe2 Kc1 69. Ke3 Kb1 70. Qd2 Ka1 71. Kd3 Kb1 72. Kc3 Ka1 73. Qb2# 1-0

[Event "Live Chess"]
[Site "Chess.com"]
[Date "2024.06.02"]
[Round "-"]
[White "Duke_of_Bebington"]
[Black "Plimsol"]
[Result "0-1"]
[WhiteElo "1574"]
[BlackElo "2374"]
[TimeControl "300"]
[EndTime "8:17:44 PDT"]
[Termination "Plimsol won by resignation"]

1. e4 c5 2. c3 d5 3. exd5 Qxd5 4. Nf3 Nf6 5. Be2 e6 6. O-O Be7 7. d4 cxd4 8. Nxd4 a6 9. Na3 O-O 10. Nac2 Rd8 11. Ne3 Qc5 12. Qb3 Nc6 13. Bd2 Nxd4 14.
cxd4 Qxd4 15. Rad1 Qd7 16. Bc3 Qe8 17. Nc4 Nd5 18.
Ba5 b6 19. Nxb6 Rb8 20. Nxc8 Rdxc8 21. Qg3 Qa4 22. Bc3 Nxc3 23. bxc3 Bf6 0-1

[Event "Live Chess"]
[Site "Chess.com"]
[Date "2024.06.02"]
[Round "-"]
[White "wadsy27"]
[Black "Inglaterra"]
[Result "1-0"]
[WhiteElo "2607"]
[BlackElo "2063"]
[TimeControl "300"]
[EndTime "8:17:51 PDT"]
[Termination "wadsy27 won by resignation"]

1. d4 d5 2. Bf4 Nf6 3. e3 e6 4. Nf3 Bd6 5. Bg3 O-O 6. Nbd2 b6 7.
c3 Bb7 8. Bd3 Nbd7 9. Qe2 Ne4 10.
Ne5 f5 11. Ndf3 Nxg3 12. hxg3 Nxe5 13. Nxe5 Bxe5 14. dxe5 c5 15. Qh5 h6 16. Qg6 Qe8 17.
Rxh6 Qxg6 18. Rxg6 Kf7 19. Rg5 Rh8 20. O-O-O Rh2 21.
Bf1 Rd8 22. g4 g6 23. gxf5 gxf5 24. Be2 Rg8 25. Rxg8 Kxg8 26. Bf3 Ba6 27. b3 Rh4 28. c4 dxc4 29. Rd8+ Kf7 30. Rd7+ Kg6 31. Rxa7 Bb5 32. Rb7 cxb3 33. axb3 Rb4 34. Rxb6 Rxb3 35. Rxe6+ Kg5 36. Bd1 Rd3 37. g3 1-0

[Event "Live Chess"]
[Site "Chess.com"]
[Date "2024.06.02"]
[Round "-"]
[White "StoreySniper"]
[Black "Cruiseylee78"]
[Result "1-0"]
[WhiteElo "2489"]
[BlackElo "1684"]
[TimeControl "300"]
[EndTime "8:18:11 PDT"]
[Termination "StoreySniper won by resignation"]

1. e4 d6 2. d4 Nd7 3. f4 e5 4.
Nf3 c6 5. Nc3 Qc7 6. Be3 Be7 7.
Qd2 h6 8. O-O-O b5 9. Kb1 Ngf6 10. Bd3 Ng4 11. Bg1 a5 12. h3 Ngf6 13. dxe5 dxe5 14.
fxe5 Nxe5 15. Nxe5 Qxe5 16. Bh2 Qe6 17. e5 Nd5 18. Be4 Bb7 19. Nxd5 cxd5 20. Bxd5 Bxd5 21. Qxd5 Qxd5 22. Rxd5 b4 23. Rhd1 O-O 24. Bg1 Rfd8 25. Rxd8+ Rxd8 26. Rxd8+ Bxd8 27. c3 bxc3 28. bxc3 Kf8 29.
Kc2 Ke7 30. Kd3 Ke6 31. Ke4 Bc7 32. Bd4 f6 33. exf6 gxf6 34. g4 a4 35. c4 Bd6 36.
Be3 h5 37. gxh5 Bf8 38. h6 Kf7 39. Kf5 Kg8 40. Kg6 Be7 41. h7+ Kh8 42. Bd4 1-0

[Event "Live Chess"]
[Site "Chess.com"]
[Date "2024.06.02"]
[Round "-"]
[White "upoe610"]
[Black "FlyingChessKestrel13"]
[Result "0-1"]
[WhiteElo "2148"]
[BlackElo "2075"]
[TimeControl "300"]
[EndTime "8:19:05 PDT"]
[Termination "FlyingChessKestrel13 won by resignation"]

1. c4 e5 2. g3 Nc6 3. Bg2 Nf6 4. Nc3 Bb4 5. Nd5 Bc5 6. e3 O-O 7. Ne2 d6 8. Nec3 Nxd5 9. Nxd5 Ne7 10. a3 c6 11.
Nxe7+ Qxe7 12. b4 Bb6 13. Bb2 Bf5 14. O-O Bd3 15. c5 Bxf1 16. cxd6 Qxd6 17. Bxf1 Rad8 18.
Bc3 e4 19. Qg4 Qg6 20. Qf4 Rd7 21. Bh3 Re7 22. Bf5 Qh5 23. Bxe4 Bc7 24. Qf3 Qxf3 25.
Bxf3 Be5 26. d4 Bf6 27. Kg2 Rd8 28. Bb2 g6 29. Rc1 h5 30. h4 Red7 31. a4 Be7 32. b5 cxb5 33. axb5 a6 34. b6 a5 35. Ra1 Bb4 36. Ba3 Rd6 37. Bxb4 axb4 38. Bxb7 Rxb6 39. Be4 b3 40. Rb1 b2 41. Kf1 Rc8 42. Ke2 Rc1 43.
Kd2 Rxb1 44. Bxb1 Kf8 45. Kc2 Ke7 46. Ba2 f6 47. e4 g5 48. f4 gxh4 49. gxh4 Rb4 50.
e5 Rxd4 51. exf6+ Kxf6 52. Kxb2 Rxf4 0-1

[Event "Live Chess"]
[Site "Chess.com"]
[Date "2024.06.02"]
[Round "-"]
[White "santhoshrlokesh"]
[Black "NAZRIZ1977"]
[Result "0-1"]
[WhiteElo "1471"]
[BlackElo "2077"]
[TimeControl "300"]
[EndTime "8:19:08 PDT"]
[Termination "NAZRIZ1977 won by resignation"]

1. d4 d5 2. Bf4 e6 3. e3 f5 4. Nf3 Nf6 5. Ng5 Bd6 6. Bxd6 Qxd6 7.
Nc3 c6 8. a4 O-O 9. Bd3 Nbd7 10.
O-O Ne4 11. Ncxe4 fxe4 12. Be2 Rf6 13. f3 Rh6 14. h3 exf3 15. Nxf3 e5 16. Ng5 Nf6 17.
dxe5 Qxe5 18. Nf3 Qxe3+ 19. Kh1 Ne4 20. Bd3 Nf2+ 21. Kh2 Nxd1 22. Raxd1 Qf4+ 23. Kg1 Bxh3 24. Nh2 Qe3+ 25. Kh1 Bg4 26. Rf3 Bxf3 27. gxf3 Qf2 0-1

[Event "Live Chess"]
[Site "Chess.com"]
[Date "2024.06.02"]
[Round "-"]
[White "lateforthesky"]
[Black "Queensandpawns"]
[Result "0-1"]
[WhiteElo "2070"]
[BlackElo "2245"]
[TimeControl "300"]
[EndTime "8:19:38 PDT"]
[Termination "Queensandpawns won by resignation"]

1. e4 e5 2. Nf3 Nf6 3. Nc3 Bc5 4.
Bc4 O-O 5. O-O Nc6 6. d3 h6 7.
h3 d6 8. a3 a6 9. Qe2 b5 10.
Bb3 Be6 11. Bxe6 fxe6 12. Be3 Nd4 13. Bxd4 exd4 14. Nb1 e5 15. Nbd2 Nh5 16. Nh2 Nf4 17. Qg4 Rf6 18. g3 Rg6 19. Qf5 Rg5 0-1

[Event "Live Chess"]
[Site "Chess.com"]
[Date "2024.06.02"]
[Round "-"]
[White "mychess51"]
[Black "HoarseyHorsey"]
[Result "1-0"]
[WhiteElo "1710"]
[BlackElo "1591"]
[TimeControl "300"]
[EndTime "8:19:41 PDT"]
[Termination "mychess51 won by resignation"]

1. d4 Nf6 2. c3 d5 3. Nf3 Bg4 4. g3 e6 5. Bg2 c5 6. O-O Nc6 7.
Nbd2 cxd4 8. Nxd4 Nxd4 9. cxd4 Bd6 10. f3 Bh5 11. Qa4+ Qd7 12. Qxd7+ Nxd7 13. e4 dxe4 14. fxe4 O-O 15. Nf3 Rac8 16. Rf2 Rc7 17. Be3 Rfc8 18. Raf1 Bb4 19. a3 Ba5 20. d5 exd5 21.
exd5 Bb6 22. Bxb6 Nxb6 23. Ne5 Nxd5 24. Bxd5 Re7 25. Nxf7 Bxf7 26. Rxf7 1-0

[Event "Live Chess"]
[Site "Chess.com"]
[Date "2024.06.02"]
[Round "-"]
[White "Bradfield133"]
[Black "JohanKjeldahl"]
[Result "0-1"]
[WhiteElo "1821"]
[BlackElo "1803"]
[TimeControl "300"]
[EndTime "8:19:45 PDT"]
[Termination "JohanKjeldahl won by resignation"]

1. c4 e5 2. g3 Nc6 3. Bg2 Nf6 4. Nc3 Be7 5. e3 O-O 6. Nge2 d6 7. O-O Be6 8. b3 a6 9. Nd5 Bxd5 10. cxd5 Nb4 11. Nc3 Nd3 12. Qc2 Nxc1 13. Raxc1 Rc8 14. Qd1 Nd7 15. Qe2 f5 16. d3 Nf6 17. f4 exf4 18. Rxf4 Ng4 19. h3 Nh6 20. Qf1 Bg5 21. Rf3 Qe7 22.
e4 fxe4 23. dxe4 Bxc1 24. Qxc1 Rxf3 25. Bxf3 Rf8 26. Kg2 Qf6 27. Qe3 Nf7 28. Bg4 Ne5 29. Be6+ Kh8 30. Qe2 Ng6 31. Nd1 Qd4 32. Bf5 Ne7 33. Bg4 Qe5 34. h4 g6 35. Bf3 c6 36.
Ne3 cxd5 37. exd5 Nf5 38. Kf2 Nd4 39. Ng4 Qxe2+ 0-1